 Dungeon Crawl Stone Soup version 0.29.0-4-gdea44cf6ec (webtiles) character file.

Game seed: 10243258853108770767

7181 qw the Cleaver (level 11, 0/71 HPs)
             Began as a Gargoyle Berserker on Sept 6, 2022.
             Was an Elder of Trog.
             Slain by a death yak (5 damage)
             ... on level 9 of the Dungeon.
             The game lasted 00:03:59 (11464 turns).

qw the Cleaver (Gargoyle Berserker)                Turns: 11464, Time: 00:03:59

Health: 0/71       AC: 23    Str: 24    XL:     11   Next: 11%
Magic:  0/11       EV:  7    Int:  9    God:    Trog [****..]
Gold:   287        SH:  0    Dex:  9    Spells: 10/10 levels left

rFire   . . .      SeeInvis .   Y - +2 war axe (venom)
rCold   . . .      Faith    .   (no shield)
rNeg    + . .      Spirit   +   f - +0 plate armour
rPois   inf        Reflect  .   (no helmet)
rElec   +          Harm     .   (no cloak)
rCorr   .          Rampage  .   (no gloves)
Will    .....                   o - +0 pair of boots
Stlth   ..........              g - amulet of guardian spirit
HPRegen 0.21/turn               (no ring)
MPRegen 0.12/turn               (no ring)

@: about to teleport, on berserk cooldown, slowed, very slow
A: sickness immunity, AC +8, negative energy resistance 1, electricity
resistance, torment resistance 1, petrification resistance, mutation resistance
1
a: Renounce Religion, Berserk, Trog's Hand, Brothers in Arms


You were on level 9 of the Dungeon.
You worshipped Trog.
Trog was greatly pleased with you.
You visited 1 branch of the dungeon, and saw 9 of its levels.
You also visited: Sewer.

You collected 617 gold pieces.
You spent 330 gold pieces at shops.


Innate Abilities, Weirdness & Mutations

You are immune to sickness and miasma.
Your stone body is resilient. (AC +8)
You are immune to poison.
You resist negative energy. (rN+)
You are resistant to electric shocks. (rElec)
You are resistant to unholy torment.
You are immune to petrification.
You are somewhat resistant to further mutation.


   Skills:
 - Level 9.2 Fighting
 - Level 12.0 Axes
 - Level 2.0 Throwing
 - Level 8.1 Armour
 + Level 1.8 Dodging


You had 10 spell levels left.
You didn't know any spells.
Your spell library was empty.

Inventory:

Hand Weapons
 n - a +3 hand axe of flaming
 Y - a +2 war axe of venom (weapon)
Armour
 f - a +0 plate armour (worn)
 o - a +0 pair of boots (worn)
Jewellery
 g - an amulet of guardian spirit (around neck)
 p - a ring of fire
 q - an amulet of the acrobat
Wands
 k - a wand of digging (4)
Scrolls
 a - a scroll of identify
 d - a scroll of teleportation
Potions
 b - 3 potions of haste
 c - a potion of ambrosia {unknown}
 e - 4 potions of heal wounds
 h - 2 potions of curing
 i - 3 potions of might
 m - a potion of mutation
 r - a potion of resistance

Dungeon Overview and Level Annotations

Branches:
Dungeon (9/15)             Temple (0/1) D:4           Sewer (visited)
   Lair: D:8-11         Orc: D:9-12

Altars:
Okawaru

Shops:
D:6 =*


Message History

You feel yourself slow down.
The orc warrior hits you with a +0 halberd.
11460 ||| INVOKING Brothers in Arms.
You fail to use your ability.
The black bear bites you but does no damage.
The black bear claws you but does no damage.
The black bear closely misses you.
11461 ||| INVOKING Brothers in Arms.
You fail to use your ability.
The black bear bites you but does no damage.
The black bear completely misses you.
The black bear claws you but does no damage.
The orc warrior hits you but does no damage.
The black bear bites you but does no damage.
The black bear claws you but does no damage. x2
The orc warrior hits you but does no damage.
The death yak gores you but does no damage.
11462 ||| INVOKING Brothers in Arms.
You fail to use your ability.
The black bear bites you but does no damage.
The black bear claws you but does no damage. x2
The death yak gores you but does no damage.
The orc warrior hits you from afar with a +0 halberd!
11463 ||| INVOKING Brothers in Arms.
Your ogre goes berserk!
Trog will no longer gift you weapons.
The black bear bites you but does no damage.
The black bear barely misses you.
The black bear claws you but does no damage.
The death yak gores you but does no damage.
The orc warrior hits you from afar with a +0 halberd.
The black bear closely misses you.
The black bear claws you but does no damage. x2
The orc warrior hits you from afar with a +0 halberd.
The death yak gores you!!
11464 ||| READING 2 scrolls of teleportation.
As you read the scroll of teleportation, it crumbles to dust.
You feel strangely unstable.
Your ogre hits the black bear with a +0 giant spiked club!!
The black bear dies!
Trog accepts your kill. The orc warrior closely misses you.
The death yak gores you.
You die...

#......<.# #........#
#######'## ###.# #
#.%.# #. #.### .####
####.#### ...###.##
#.......#######).......
#.......#..).))@.o.....
#.........#####OY......
#.......### #......>.
.........# #........
##.......# #........
#.......# #......>.
#.......# #........
###.....# #########
#####..


You could see a death yak, an orc warrior (very poisoned) and a friendly ogre
(summoned, berserk).

Vanquished Creatures
  A two-headed ogre (D:8)
  Pikel (D:8)
  An elephant (D:9)
  Joseph (D:8)
  Psyche (D:8)
  A hornet (D:9)
  Prince Ribbit (D:8)
  4 yaks
  A steam dragon (D:7)
  A water moccasin (D:9)
  An acid dragon (D:9)
  3 orc warriors
  An ice beast (D:6)
  2 sky beasts (D:7)
  A black bear (D:6)
  2 ogres (D:5)
  A centaur (D:9)
  A phantom (D:7)
  3 lemures (D:8)
  6 kobold brigands (Sewer)
  2 scorpions
  A wight (D:8)
  18 killer bees
  2 howler monkeys (D:9)
  7 crimson imps (D:7)
  A jelly (D:7)
  3 gnoll boudas
  7 orc priests
  3 hounds
  4 iguanas
  10 orc wizards
  16 gnolls
  9 adders
  5 river rats (Sewer)
  A shadow imp (D:6)
  4 white imps
  A worm zombie (D:8)
  3 worms
  5 dart slugs
  37 orcs
  11 endoplasms
  9 giant cockroaches
  2 goblins
  8 hobgoblins
  4 jackals (D:3)
  4 quokkas
  8 ball pythons
  4 bats
  4 frilled lizards
  9 kobolds
  8 rats
244 creatures vanquished.

Vanquished Creatures (collateral kills)
  A black bear (D:9)
1 creature vanquished.

Vanquished Creatures (others)
  5 fungi (D:2)
  4 plants (D:6)
  5 toadstools (D:2)
14 creatures vanquished.

Grand Total: 259 creatures vanquished

Notes
Turn   | Place    | Note
-------+----------+-------------------------------------------
     0 | D:1      | qw the Gargoyle Berserker began the quest for the Orb.
     0 | D:1      | Reached XP level 1. HP: 14/14 MP: 1/1
     0 | D:1      | 0 ||| qw: Version: 0.1-a-108-g9e35731
     0 | D:1      | 0 ||| qw: Game counter: 6223
     0 | D:1      | 0 ||| qw: Always use a shield: true
     0 | D:1      | 0 ||| qw: Do Orc after D:15 true
     0 | D:1      | 0 ||| qw: Do second Lair branch before Depths: true
     0 | D:1      | 0 ||| qw: Lair rune preference: random
     0 | D:1      | 0 ||| qw: Plans: Normal
     0 | D:1      | 0 ||| PLANNING D:1-11
   211 | D:1      | Reached skill level 3 in Axes
   350 | D:1      | Reached XP level 2. HP: 19/19 MP: 2/2
   635 | D:1      | 635 ||| INVOKING Berserk.
   821 | D:1      | You fall into a shaft and drop 1 floor!
   826 | D:2      | 826 ||| Stepping ~*~*~tactically~*~*~ (stealth).
  1018 | D:2      | 1018 ||| Stepping ~*~*~tactically~*~*~ (hiding).
  1032 | D:2      | Reached XP level 3. HP: 21/23 MP: 3/3
  1142 | D:2      | Reached skill level 4 in Axes
  1269 | D:2      | 1269 ||| Stepping ~*~*~tactically~*~*~ (hiding).
  1601 | D:2      | Reached ** piety under Trog
  1617 | D:2      | 1617 ||| UPGRADING to +0 leather armour.
  1627 | D:2      | 1627 ||| DROPPING +0 animal skin.
  1628 | D:2      | 1628 ||| READING 4 scrolls labelled RYNOAS HEUBBA.
  1629 | D:2      | 1629 ||| READING 2 scrolls labelled FIM MISYATHEU.
  1634 | D:2      | 1634 ||| READING scroll labelled SUREV JIL HAOF.
  1691 | D:2      | 1691 ||| READING scroll labelled WIUNISTOATI.
  1692 | D:2      | 1692 ||| DRINKING 3 black potions.
  1693 | D:2      | 1693 ||| READING 3 scrolls of identify.
  1693 | D:2      | 1693 ||| IDENTIFYING fuming yellow potion
  1694 | D:2      | 1694 ||| DROPPING potion of attraction.
  1855 | D:1      | Reached XP level 4. HP: 28/28 MP: 4/4
  2153 | D:1      | 2153 ||| UPGRADING to amulet of guardian spirit.
  2158 | D:1      | 2158 ||| READING 2 scrolls of identify.
  2158 | D:1      | 2158 ||| IDENTIFYING coppery potion
  2599 | D:2      | 2599 ||| UPGRADING to +0 chain mail.
  2609 | D:2      | 2609 ||| DROPPING +0 leather armour.
  2610 | D:2      | 2610 ||| READING 2 scrolls of identify.
  2610 | D:2      | 2610 ||| IDENTIFYING orange potion
  2641 | D:3      | 2641 ||| PLANNING SEWER
  2755 | D:3      | Found a glowing drain.
  2778 | D:3      | 2778 ||| READING scroll labelled ETUQAKKU SOGI.
  2799 | D:3      | Identified the +1 quarterstaff of the Silent Majority
                  | {vamp, rF++ Str+3}
  2812 | D:3      | 2812 ||| READING 2 scrolls of identify.
  2812 | D:3      | 2812 ||| IDENTIFYING sedimented grey potion
  2813 | D:3      | 2813 ||| DROPPING potion of degeneration.
  2836 | D:3      | Reached skill level 1 in Throwing
  2859 | Sewer    | Entered a sewer
  2877 | Sewer    | Noticed a kobold brigand
  2891 | Sewer    | Killed a kobold brigand
  2892 | Sewer    | Reached skill level 5 in Axes
  2892 | Sewer    | Reached XP level 5. HP: 24/32 MP: 5/5
  3159 | Sewer    | Noticed a kobold brigand
  3163 | Sewer    | 3163 ||| Stepping ~*~*~tactically~*~*~ (water).
  3185 | Sewer    | Killed a kobold brigand
  3186 | Sewer    | Reached XP level 6. HP: 28/39 MP: 4/6
  3283 | Sewer    | 3283 ||| Stepping ~*~*~tactically~*~*~ (water).
  3613 | Sewer    | 3613 ||| Stepping ~*~*~tactically~*~*~ (water).
  3701 | Sewer    | 3701 ||| Stepping ~*~*~tactically~*~*~ (water).
  3705 | Sewer    | Reached skill level 6 in Axes
  3802 | Sewer    | Reached XP level 7. HP: 38/44 MP: 5/7
  3934 | Sewer    | 3934 ||| INVOKING Berserk.
  4150 | Sewer    | 4150 ||| Stepping ~*~*~tactically~*~*~ (water).
  4160 | Sewer    | Reached *** piety under Trog
  4229 | Sewer    | 4229 ||| READING 2 scrolls labelled CENODUQATA.
  4230 | Sewer    | 4230 ||| READING scroll of enchant weapon.
  4230 | Sewer    | 4230 ||| ENCHANTING +1 hand axe.
  4231 | Sewer    | 4231 ||| READING scroll labelled BAMMOI MYEFY.
  4254 | D:3      | 4254 ||| PLANNING D:1-11
  4281 | D:3      | Reached skill level 7 in Axes
  4283 | D:3      | 4283 ||| Stepping ~*~*~tactically~*~*~ (stealth).
  4284 | D:3      | 4284 ||| Stepping ~*~*~tactically~*~*~ (stealth).
  4287 | D:3      | 4287 ||| Stepping ~*~*~tactically~*~*~ (stealth).
  4288 | D:3      | 4288 ||| Stepping ~*~*~tactically~*~*~ (stealth).
  4289 | D:3      | 4289 ||| Stepping ~*~*~tactically~*~*~ (stealth).
  4569 | D:3      | 4569 ||| READING 2 scrolls labelled ATAMAS FIPINI.
  4570 | D:3      | 4570 ||| DRINKING 2 lumpy pink potions.
  4570 | D:3      | Gained mutation: You are somewhat resistant to further
                  | mutation. [potion of mutation]
  4571 | D:3      | 4571 ||| READING 2 scrolls of identify.
  4571 | D:3      | 4571 ||| IDENTIFYING sapphire potion
  4572 | D:3      | 4572 ||| DROPPING potion of brilliance.
  4573 | D:3      | 4573 ||| DROPPING scroll of vulnerability.
  4700 | D:4      | 4700 ||| Stepping ~*~*~tactically~*~*~ (stealth).
  4701 | D:4      | 4701 ||| Stepping ~*~*~tactically~*~*~ (stealth).
  4702 | D:4      | 4702 ||| Stepping ~*~*~tactically~*~*~ (stealth).
  4703 | D:4      | 4703 ||| Stepping ~*~*~tactically~*~*~ (stealth).
  4707 | D:4      | Found a staircase to the Ecumenical Temple.
  4845 | D:4      | 4845 ||| INVOKING Berserk.
  4992 | D:4      | 4992 ||| DROPPING +0 mace.
  5012 | D:4      | 5012 ||| Stepping ~*~*~tactically~*~*~ (hiding).
  5013 | D:4      | 5013 ||| Stepping ~*~*~tactically~*~*~ (hiding).
  5189 | D:4      | Reached skill level 3 in Armour
  5498 | D:4      | 5498 ||| INVOKING Berserk.
  5522 | D:4      | Reached XP level 8. HP: 20/49 MP: 2/8
  5529 | D:4      | HP: 11/49 [gnoll/+0 spear[a gnoll bouda] (4)]
  5530 | D:4      | 5530 ||| READING 2 scrolls of teleportation.
  5531 | D:4      | 5531 ||| DRINKING 3 potions of heal wounds.
  5863 | D:4      | 5863 ||| UPGRADING to +0 pair of boots.
  5868 | D:4      | 5868 ||| READING scroll labelled VATWAU VIWIZ.
  5869 | D:4      | 5869 ||| READING scroll labelled ATAUZI USTRUN.
  5870 | D:4      | 5870 ||| DRINKING 2 lumpy red potions.
  5871 | D:4      | 5871 ||| READING 2 scrolls of identify.
  5871 | D:4      | 5871 ||| IDENTIFYING emerald potion
  5872 | D:4      | 5872 ||| DROPPING potion of lignification.
  5941 | D:5      | Entered Level 5 of the Dungeon
  6063 | D:5      | 6063 ||| Stepping ~*~*~tactically~*~*~ (stealth).
  6075 | D:5      | 6075 ||| Stepping ~*~*~tactically~*~*~ (stealth).
  6119 | D:5      | 6119 ||| INVOKING Berserk.
  6305 | D:5      | 6305 ||| INVOKING Berserk.
  6464 | D:5      | Reached skill level 8 in Axes
  6483 | D:5      | 6483 ||| SWAPPING to +2 vorpal war axe.
  6484 | D:5      | 6484 ||| DROPPING +2 hand axe.
  6529 | D:5      | 6529 ||| INVOKING Berserk.
  6716 | D:5      | 6716 ||| DROPPING scarf of harm.
  6717 | D:5      | 6717 ||| READING scroll labelled VIROTU IPADU.
  6741 | D:6      | Found Vugatum's Jewellery Boutique.
  6749 | D:6      | 6749 ||| SHOPLISTING +4 ring of evasion (396 gold, have
                  | 338).
  6749 | D:6      | 6749 ||| SHOPLISTING +4 ring of protection (396 gold, have
                  | 338).
  6749 | D:6      | 6749 ||| SHOPLISTING +6 ring of dexterity (396 gold, have
                  | 338).
  6749 | D:6      | 6749 ||| SHOPLISTING amulet "Ciblub" {Reflect Will+ SH+5}
                  | (468 gold, have 338).
  6749 | D:6      | 6749 ||| BUYING amulet of the acrobat (330 gold).
  6749 | D:6      | Bought an amulet of the acrobat for 330 gold pieces
  6749 | D:6      | 6749 ||| SHOPLISTING ring of protection from fire (275
                  | gold, have 8).
  6750 | D:6      | 6750 ||| Stepping ~*~*~tactically~*~*~ (stealth).
  6825 | D:6      | 6825 ||| Stepping ~*~*~tactically~*~*~ (stealth).
  6838 | D:6      | Reached skill level 6 in Fighting
  6979 | D:6      | 6979 ||| Stepping ~*~*~tactically~*~*~ (hiding).
  6980 | D:6      | 6980 ||| Stepping ~*~*~tactically~*~*~ (hiding).
  7112 | D:6      | 7112 ||| INVOKING Berserk.
  7225 | D:6      | 7225 ||| Stepping ~*~*~tactically~*~*~ (stealth).
  7227 | D:6      | 7227 ||| Stepping ~*~*~tactically~*~*~ (stealth).
  7249 | D:6      | 7249 ||| Stepping ~*~*~tactically~*~*~ (stealth).
  7254 | D:6      | 7254 ||| DRINKING potion of curing.
  7254 | D:6      | 7254 ||| (to cure confusion)
  7265 | D:6      | Reached **** piety under Trog
  7401 | D:6      | Found Hyxigh's Lightly-Used Armoury.
  7405 | D:6      | 7405 ||| SHOPLISTING -1 demon whip (110 gold, have 41).
  7405 | D:6      | 7405 ||| SHOPLISTING -3 pearl dragon scales (935 gold, have
                  | 41).
  7497 | D:6      | 7497 ||| INVOKING Berserk.
  7609 | D:6      | 7609 ||| DROPPING +0 flail.
  7645 | D:6      | 7645 ||| Stepping ~*~*~tactically~*~*~ (stealth).
  7646 | D:6      | 7646 ||| Stepping ~*~*~tactically~*~*~ (stealth).
  7660 | D:6      | 7660 ||| Stepping ~*~*~tactically~*~*~ (stealth).
  7856 | D:6      | Reached XP level 9. HP: 55/55 MP: 9/9
  7978 | D:6      | 7978 ||| READING scroll labelled DOFUOB ZIOTUSU.
  7979 | D:6      | 7979 ||| READING 2 scrolls of identify.
  7979 | D:6      | 7979 ||| IDENTIFYING dark potion
  7980 | D:6      | 7980 ||| DROPPING potion of magic.
  8000 | D:7      | Reached skill level 9 in Axes
  8001 | D:7      | 8001 ||| FLEEEEING.
  8003 | D:7      | 8003 ||| FLEEEEING.
  8004 | D:7      | 8004 ||| FLEEEEING.
  8005 | D:7      | 8005 ||| STAIRDANCE
  8109 | D:7      | 8109 ||| STAIRDANCE
  8136 | D:7      | 8136 ||| STAIRDANCE
  8143 | D:6      | 8143 ||| READING 2 scrolls of identify.
  8143 | D:6      | 8143 ||| IDENTIFYING smoky silvery potion
  8144 | D:6      | 8144 ||| DROPPING potion of invisibility.
  8148 | D:7      | 8148 ||| INVOKING Berserk.
  8467 | D:7      | Found an iron altar of Okawaru.
  8478 | D:7      | 8478 ||| INVOKING Berserk.
  8660 | D:7      | Found a flagged portal.
  8998 | D:7      | 8998 ||| INVOKING Berserk.
  9129 | D:7      | 9129 ||| Stepping ~*~*~tactically~*~*~ (stealth).
  9132 | D:7      | 9132 ||| Stepping ~*~*~tactically~*~*~ (stealth).
  9181 | D:7      | Reached skill level 10 in Axes
  9218 | D:7      | 9218 ||| DROPPING amulet of magic regeneration.
  9274 | D:8      | 9274 ||| PLANNING OSSUARY
  9386 | D:8      | 9386 ||| Stepping ~*~*~tactically~*~*~ (hiding).
  9388 | D:8      | 9388 ||| INVOKING Berserk.
  9612 | D:8      | Noticed Psyche
  9613 | D:8      | 9613 ||| INVOKING Berserk.
  9618 | D:8      | Killed Psyche
  9619 | D:8      | Reached skill level 6 in Armour
  9921 | D:8      | 9921 ||| RIP OSSUARY
  9966 | D:8      | 9966 ||| PLANNING D:1-11
  9985 | D:8      | 9985 ||| INVOKING Berserk.
 10175 | D:8      | Reached XP level 10. HP: 64/64 MP: 10/10
 10180 | D:8      | Noticed Prince Ribbit
 10187 | D:8      | Killed Prince Ribbit
 10201 | D:8      | Noticed Pikel
 10219 | D:8      | Killed Pikel
 10222 | D:8      | Noticed Joseph
 10224 | D:8      | 10224 ||| Stepping ~*~*~tactically~*~*~ (hiding).
 10226 | D:8      | 10226 ||| Stepping ~*~*~tactically~*~*~ (hiding).
 10238 | D:8      | 10238 ||| INVOKING Berserk.
 10241 | D:8      | Killed Joseph
 10242 | D:8      | Reached skill level 11 in Axes
 10255 | D:8      | 10255 ||| Stepping ~*~*~tactically~*~*~ (stealth).
 10523 | D:8      | Noticed a two-headed ogre
 10525 | D:8      | 10525 ||| INVOKING Berserk.
 10531 | D:8      | Killed a two-headed ogre
 10532 | D:8      | Reached skill level 9 in Fighting
 10706 | D:8      | 10706 ||| UPGRADING to +0 plate armour.
 10716 | D:8      | 10716 ||| DROPPING +0 chain mail.
 10717 | D:8      | 10717 ||| DROPPING ring of flight.
 10718 | D:8      | 10718 ||| READING scroll labelled QUIPPI BISAO.
 10719 | D:8      | 10719 ||| READING 2 scrolls of identify.
 10719 | D:8      | 10719 ||| IDENTIFYING clear potion
 10758 | D:9      | 10758 ||| FLEEEEING.
 10759 | D:9      | 10759 ||| FLEEEEING.
 10760 | D:9      | 10760 ||| FLEEEEING.
 10761 | D:9      | 10761 ||| FLEEEEING.
 10762 | D:9      | 10762 ||| FLEEEEING.
 10763 | D:9      | 10763 ||| FLEEEEING.
 10764 | D:9      | 10764 ||| FLEEEEING.
 10765 | D:9      | 10765 ||| FLEEEEING.
 10766 | D:9      | 10766 ||| FLEEEEING.
 10767 | D:9      | 10767 ||| FLEEEEING.
 10768 | D:9      | 10768 ||| FLEEEEING.
 10769 | D:9      | 10769 ||| FLEEEEING.
 10770 | D:9      | 10770 ||| FLEEEEING.
 10771 | D:9      | 10771 ||| FLEEEEING.
 10772 | D:9      | 10772 ||| STAIRDANCE
 10853 | D:9      | 10853 ||| STAIRDANCE
 10855 | D:8      | 10855 ||| INVOKING Berserk.
 10969 | D:9      | 10969 ||| Stepping ~*~*~tactically~*~*~ (hiding).
 11172 | D:9      | 11172 ||| FLEEEEING.
 11173 | D:9      | 11173 ||| FLEEEEING.
 11174 | D:9      | 11174 ||| FLEEEEING.
 11177 | D:9      | 11177 ||| FLEEEEING.
 11179 | D:9      | 11179 ||| FLEEEEING.
 11180 | D:9      | 11180 ||| FLEEEEING.
 11181 | D:9      | 11181 ||| FLEEEEING.
 11182 | D:9      | 11182 ||| FLEEEEING.
 11183 | D:9      | 11183 ||| FLEEEEING.
 11184 | D:9      | 11184 ||| FLEEEEING.
 11185 | D:9      | 11185 ||| FLEEEEING.
 11186 | D:9      | 11186 ||| FLEEEEING.
 11187 | D:9      | 11187 ||| FLEEEEING.
 11188 | D:9      | 11188 ||| FLEEEEING.
 11189 | D:9      | 11189 ||| FLEEEEING.
 11191 | D:9      | 11191 ||| FLEEEEING.
 11192 | D:9      | 11192 ||| FLEEEEING.
 11193 | D:9      | 11193 ||| FLEEEEING.
 11194 | D:9      | 11194 ||| FLEEEEING.
 11195 | D:9      | 11195 ||| FLEEEEING.
 11196 | D:9      | 11196 ||| STAIRDANCE
 11251 | D:9      | 11251 ||| STAIRDANCE
 11363 | D:9      | 11363 ||| Stepping ~*~*~tactically~*~*~ (stealth).
 11365 | D:9      | 11365 ||| Stepping ~*~*~tactically~*~*~ (stealth).
 11421 | D:9      | 11421 ||| Stepping ~*~*~tactically~*~*~ (stealth).
 11427 | D:9      | Noticed an elephant
 11432 | D:9      | 11432 ||| INVOKING Berserk.
 11437 | D:9      | Reached skill level 12 in Axes
 11437 | D:9      | Reached XP level 11. HP: 71/71 MP: 11/11
 11446 | D:9      | Reached ***** piety under Trog
 11454 | D:9      | Noticed a death yak
 11460 | D:9      | 11460 ||| INVOKING Brothers in Arms.
 11461 | D:9      | 11461 ||| INVOKING Brothers in Arms.
 11462 | D:9      | 11462 ||| INVOKING Brothers in Arms.
 11463 | D:9      | 11463 ||| INVOKING Brothers in Arms.
 11463 | D:9      | HP: 4/71 [death yak (15)]
 11464 | D:9      | 11464 ||| READING 2 scrolls of teleportation.
 11464 | D:9      | Slain by a death yak

Levels and vault maps discovered:
D:1:      dpeg_arrival_rooms_a, layout_loops_corners
D:2:      layout_basic, minmay_gold_behind_fungi, minmay_misc_feat_four_crosses
D:3:      layout_basic, gup_sewer_entry_glass
D:4:      layout_basic, minmay_temple_entry_statues_fountains
D:5:      layout_basic
D:6:      layout_loops_cross, serial_shops, nicolae_shop_statue_plus,
          minmay_misc_feat_roman, serial_bayou_pond_c, minmay_shop_damaged,
          kennysheep_generic_room_14
D:7:      layout_gridville, general_overflow_altar, enter_bailey_2,
          minmay_nine_imps
D:8:      layout_loops_cross, enter_ossuary_3, kennysheep_generic_room_7,
          uniq_prince_ribbit1, uniq_pikel, uniq_joseph, uniq_psyche
D:9:      layout_roguey, david_lair_generic, erik_orc_1

Skill      XL: |  1  2  3  4  5  6  7  8  9 10 11 |
---------------+----------------------------------+-----
Axes           | 3 4 5 6 7 8 10 12 | 12.0
Throwing       | 1 2 |  2.0
Fighting       | 4 5 6 8 9 |  9.2
Armour         | 3 4 6 7 8 |  8.1
Dodging        | |  1.8

Action                   |  1- 3 |  4- 6 |  7- 9 | 10-12 || total
-------------------------+-------+-------+-------+-------++-------
Melee: Hand axe          |   127 |   207 |   190 |       ||   524
       Punch             |     2 |     4 |     2 |       ||     8
       War axe           |       |       |   224 |   150 ||   374
Throw: Javelin           |       |     8 |    29 |       ||    37
       Boomerang         |       |       |     3 |       ||     3
Invok: Berserk           |     1 |       |    14 |     4 ||    19
       Brothers in Arms  |       |       |       |     1 ||     1
  Use: Scroll            |     5 |     4 |    13 |     3 ||    25
       Potion            |     1 |       |     4 |       ||     5
Armor: Animal skin       |    31 |       |       |       ||    31
       Leather armour    |     2 |    15 |       |       ||    17
       Chain mail        |       |    80 |   228 |    22 ||   330
       Plate armour      |       |       |       |   117 ||   117
Dodge: Dodged            |    82 |    57 |   140 |    66 ||   345

Table legend:
 A = Non-vault XP
 B = Vault XP
 C = Vault XP percentage of total XP
 D = Non-vault monster count
 E = Vault monster count
 F = Vault count percentage of total count
                 A         B        C        D         E       F
            +---------+---------+-------+---------+---------+-------
      Total |    5998 |    4382 |  42.2 |     192 |      50 |  20.7
            +---------+---------+-------+---------+---------+-------
        D:1 |      27 |       0 |   0.0 |      17 |       0 |   0.0
        D:2 |      76 |       0 |   0.0 |      23 |       0 |   0.0
        D:3 |      39 |      17 |  30.4 |      13 |       3 |  18.8
        D:4 |     358 |       0 |   0.0 |      23 |       0 |   0.0
        D:5 |     464 |       0 |   0.0 |      17 |       0 |   0.0
        D:6 |     702 |       3 |   0.4 |      28 |       1 |   3.4
        D:7 |     873 |     360 |  29.2 |      22 |       9 |  29.0
        D:8 |    1225 |    2657 |  68.4 |      20 |       7 |  25.9
        D:9 |    2234 |     648 |  22.5 |      29 |       2 |   6.5
      Sewer |       0 |     697 | 100.0 |       0 |      28 | 100.0
            +---------+---------+-------+---------+---------+-------
